 Dungeon Crawl Stone Soup version 0.23.2-1-ga50397a6bc (webtiles) character file.

Game seed: 13491558066323695983

68 Menchi the Skirmisher (level 4, -3/40 HPs)
             Began as a Minotaur Gladiator on May 10, 2019.
             Slain by an adder (4 damage)
             ... on level 2 of the Dungeon.
             The game lasted 00:01:36 (952 turns).

Menchi the Skirmisher (Minotaur Gladiator)           Turns: 952, Time: 00:01:36

Health: -3/40      AC:  3    Str: 19    XL:     4   Next: 1%
Magic:  3/3        EV: 13    Int:  5    God:
Gold:   85         SH:  0    Dex: 12    Spells: 3/3 levels left

rFire    . . .     SeeInvis .   l - +1 spear (pierce)
rCold    + . .     Gourm    .   (no shield)
rNeg     . . .     Faith    .   b - +0 leather armour
rPois    .         Spirit   .   c - +0 hat
rElec    .         Reflect  .   (no cloak)
rCorr    .         Harm     .   (no gloves)
MR       .....                  (no boots)
Stlth    +.........             (no amulet)
HPRegen  0.13/turn              h - ring of protection from cold
MPRegen  0.08/turn              (no ring)

@: lethally poisoned (-3 -> -7), flying
A: retaliatory headbutt, horns 2
a: no special abilities


You were on level 2 of the Dungeon.
You were not hungry.

You visited 1 branch of the dungeon, and saw 2 of its levels.

You collected 85 gold pieces.

Inventory:

Hand Weapons
 a - a +0 trident
 l - a +1 spear of piercing (weapon)
Missiles
 d - 3 throwing nets (quivered)
Armour
 b - a +0 leather armour (worn)
 c - a +0 hat (worn)
Jewellery
 h - a ring of protection from cold (left hand)
 k - an uncursed ring of poison resistance {unknown}
 m - an uncursed amulet of regeneration {unknown}
Scrolls
 e - a scroll of identify {unknown}
 g - a scroll of teleportation {unknown}
 i - a scroll of magic mapping {unknown}
Comestibles
 f - a ration
 o - 5 chunks of flesh


   Skills:
 * Level 4.1 Fighting
 - Level 3.6 Polearms
 - Level 2.0 Throwing
 + Level 2.0 Armour
 + Level 3.9 Dodging


You had 3 spell levels left.
You didn't know any spells.
Your spell library was empty.

Dungeon Overview and Level Annotations

Branches:
Dungeon (2/15)

Altars:


Innate Abilities, Weirdness & Mutations

You reflexively headbutt those who attack you in melee.
You have a pair of horns on your head.


Message History

Your Armour skill increases to level 2!
You have reached level 4!
You feel stronger.
* * * LOW HITPOINT WARNING * * *
You feel sick. The adder misses you. The kobold closely misses you.
The adder bites you but does no damage.
Okay, then.
It was a potion of cancellation.
You feel magically purged.
The quokka bites you but does no damage.
The kobold hits you with a +0 club.
* * * LOW HITPOINT WARNING * * *
The adder barely misses you. You furiously retaliate!
You headbutt the adder. The quokka closely misses you. The kobold hits you.
* * * LOW HITPOINT WARNING * * *
It was a potion of flight.
You feel very buoyant.
You fly up into the air.
* * * LOW HITPOINT WARNING * * *
You feel sick. The adder bites you.
You die...

#......... #.........
#......... ##........
#......... #.........
############.........
#....S.....#.......$.
#[..@rr..............
#...KK......#.<......
#...........##.......
#...........###.)....
###########..#..รท....
##.#....... #.........
##........ ##.......


You could see an adder, a quokka, 2 kobolds and a rat.

Vanquished Creatures
  2 adders (D:2)
  An ooze (D:1)
  2 worms (D:2)
  2 dart slugs
  2 giant cockroaches
  6 goblins (D:1)
  7 hobgoblins
  8 kobolds (D:1)
  4 frilled lizards
  3 rats (D:1)
37 creatures vanquished.

Notes
Turn   | Place    | Note
-------+----------+-------------------------------------------
     0 | D:1      | Menchi the Minotaur Gladiator began the quest for the Orb.
     0 | D:1      | Reached XP level 1. HP: 18/18 MP: 0/0
   213 | D:1      | Reached XP level 2. HP: 25/25 MP: 1/1
   218 | D:1      | Reached skill level 3 in Fighting
   249 | D:1      | Reached skill level 1 in Armour
   325 | D:1      | Reached XP level 3. HP: 31/31 MP: 2/2
   912 | D:2      | Reached skill level 4 in Fighting
   950 | D:2      | Reached XP level 4. HP: 7/40 MP: 3/3
   951 | D:2      | HP: 2/40 [kobold (3)]
   952 | D:2      | Slain by an adder

Skill      XL: |  1  2  3 |
---------------+----------+-----
Fighting       | 3 4 |  4.1
Armour         | 1 2 |  2.0
Polearms       | |  3.6
Throwing       | |  2.0
Dodging        | |  3.9

Action                   |  1- 3 |  4- 6 || total
-------------------------+-------+-------++-------
Melee: Trident           |    41 |       ||    41
       Headbutt          |    15 |       ||    15
       Spear             |    51 |       ||    51
  Use: Potion            |       |     2 ||     2
Armor: Leather armour    |    10 |     2 ||    12
Dodge: Dodged            |    36 |     4 ||    40
